 Dungeon Crawl Stone Soup version 0.16-a0-1157-gec61f8e (webtiles) character file.

98772 Kashira the Unseen (level 16, -2/130 HPs)
             Began as a Vine Stalker Berserker on Oct 8, 2014.
             Was a High Priest of Trog.
             Slain by a merfolk
             ... wielding a +6 vampiric trident
              (5 damage)
             ... on level 2 of the Shoals.
             The game lasted 01:54:35 (23139 turns).

Kashira the Unseen (Vine Stalker Berserker)        Turns: 23139, Time: 01:54:36

Health: -2/130     AC: 12    Str: 29    XL:     16   Next: 23%
Magic:  0/27       EV: 21    Int:  6    God:    Trog [*****.]
Gold:   1184       SH:  0    Dex: 18    Spells: 0 memorised, 15 levels left

rFire  + . .     SeeInvis .     y - +3 battleaxe (flame)
rCold  + + +     Clarity  .     l - +1 leather armour "Koratyt" {+Rage rElec rC+}
rNeg   + . .     SustAb   .     (no shield)
rPois  +         Gourm    .     u - +1 hat
rElec  +         Spirit   +     v - +2 cloak
rCorr  .         Warding  .     E - +0 pair of gloves
rMut   .         Stasis   .     K - +1 pair of boots of Wrong Decisions {rC+}
MR     ++...                    e - amulet of regeneration
Stlth  ..........               i - ring of Mnujups {+Blink +Fly rF+ rC+ rN+ Dex+2}
                                s - +4 ring of evasion

@: berserking, lethally poisoned, very quick, very resistant to hostile
enchantments, extremely unstealthy
A: fangs 3, thin metallic scales 1, breathe flames 1, deformed body, dopey 1,
low mp 1, poison resistance, regeneration 3, magic shield, antimagic bite, no
device heal 3, rot immunity
a: Burn Spellbooks, Berserk, Trog's Hand, Brothers in Arms, Renounce Religion,
Breathe Fire, Evoke Blink, Evoke Berserk Rage, Evoke Flight


You were on level 2 of the Shoals.
You worshipped Trog.
Trog was extremely pleased with you.
You were hungry.

You visited 4 branches of the dungeon, and saw 29 of its levels.
You also visited: Ice Cave.

You collected 3009 gold pieces.
You spent 1825 gold pieces at shops.

Inventory:

Hand weapons
 a - a +2 antimagic executioner's axe
 y - a +3 battleaxe of flaming (weapon)
 G - a +4 executioner's axe of chopping
Missiles
 W - a throwing net (quivered)
Armour
 l - the +1 leather armour "Koratyt" (worn) {+Rage rElec rC+}
   (You found it on level 1 of the Shoals)

   It protects you from cold.
   It insulates you from electricity.
   It lets you go berserk.
 n - a +6 plate armour of cold resistance
 u - a +1 hat (worn)
 v - a +2 cloak (worn)
 E - a +0 pair of gloves (worn)
 K - the +1 pair of boots of Wrong Decisions (worn) {rC+}
   (You bought it in a shop on level 4 of the Orcish Mines)

   It protects you from cold.
Magical devices
 k - a wand of confusion (36)
 q - a wand of fireball (6)
 w - a wand of paralysis (11)
 x - a wand of disintegration (10)
 A - a wand of random effects (17)
 C - a wand of draining (8)
 H - a wand of digging (9)
 I - a wand of lightning (9)
 Q - a wand of disintegration (21)
 R - a wand of cold (2)
Comestibles
 c - 19 bread rations
 f - 5 fruits
 P - a chunk of harpy flesh
Scrolls
 d - a scroll of identify
 h - 12 scrolls of teleportation
 m - a scroll of remove curse
 o - 4 scrolls of fog
 p - 4 scrolls of blinking
 D - 3 scrolls of magic mapping
 J - 5 scrolls of fear
 M - 2 scrolls of summoning
 O - a scroll of enchant weapon
Jewellery
 e - an amulet of regeneration (around neck)
 i - the ring of Mnujups (right hand) {+Blink +Fly rF+ rC+ rN+ Dex+2}
   (You bought it in a shop on level 4 of the Orcish Mines)

   [ring of dexterity]

   It affects your dexterity (+2).
   It protects you from fire.
   It protects you from cold.
   It protects you from negative energy.
   It lets you fly.
   It lets you blink.
 r - an uncursed ring of invisibility
 s - a +4 ring of evasion (left hand)
 z - an uncursed ring of teleport control
 V - a +4 ring of protection
Potions
 g - 4 potions of haste
 j - 2 potions of restore abilities
 t - 3 potions of invisibility
 B - a potion of might
 L - 8 potions of curing
 Y - 3 potions of flight
Miscellaneous
 b - a sack of spiders
 F - a phial of floods
 N - a plain deck of summonings {the Bones}
 S - a box of beasts {used: 2}
 T - an ornate deck of summonings {Foxfire}
 U - a phial of floods


   Skills:
 - Level 11.0 Fighting
 + Level 16.6 Axes
 - Level 4.4 Armour
 - Level 7.8 Dodging
 - Level 18.1 Stealth
 - Level 10.0 Evocations


You had 15 spell levels left.
You didn't know any spells.

Dungeon Overview and Level Annotations

Branches:
Dungeon (15/15)            Temple (0/1) D:4             Orc (4/4) D:12
    Elf (0/3) Orc:3          Lair (8/8) D:9          Shoals (2/5) Lair:3
  Snake (0/5) Lair:5        Slime (0/6) Lair:8       Vaults (0/5) D:13
 Depths (0/5) D:15

Altars:
Fedhas
Makhleb
Nemelex Xobeh
Okawaru
Qazlal
Sif Muna
Vehumet
Xom
Yredelemnul
Zin
The Shining One
Beogh
Jiyva

Shops:
D:8 ?   D:11 }   D:12 %   D:14 *   Orc:4 (=[*

Annotations:
D:5 exclusion: statue
Lair:8 exclusion: oklob plant


Innate Abilities, Weirdness & Mutations

You have razor-sharp teeth.
You regenerate.
When hurt, damage is shared between your health and your magic reserves.
Your bite disrupts and absorbs the magic of your enemies.
Potions and wands cannot restore your health.
You are immune to rotting.
You are partially covered in thin metallic scales (AC +2).
You can breathe flames.
Armour fits poorly on your strangely shaped body.
You are dopey. (Int -2)
Your magical capacity is low (-10% MP).
Your system is resistant to poisons.


Message History

The javelin hits you!!
* * * LOW HITPOINT WARNING * * *
The merfolk throws a tomahawk.
The tomahawk hits you but does no damage.
Found a potion of might.
Things that are here:
a tomahawk; a javelin; a sea snake corpse You slice the merfolk!!
You burn the merfolk. You bite the merfolk! You drain its power.
You feel invigorated.
The merfolk is severely wounded.
You hit the merfolk javelineer. You burn the merfolk javelineer.
The merfolk javelineer is lightly wounded.
You feel sick.
Your chimera (water moccasin, crocodile, bat) bites the merfolk.
Your chimera (water moccasin, crocodile, bat) closely misses the merfolk.
Your chimera (water moccasin, crocodile, bat) barely misses the merfolk.
The snapping turtle bites you from afar!!
* * * LOW HITPOINT WARNING * * *
The merfolk hits you with a runed trident!
You die...

!.. ≈..≈.. . ≈≈... ...
≈≈>.# ...≈ ≈≈ ≈≈≈
...##..... .≈≈≈ ≈≈≈.
#......... ≈..≈≈
≈≈).##.......#. ≈...≈
..!..m..mm....... ≈ .....
.......H@......≈.... #..
...$..t.(H.....≈≈...###..
#####....................
#...((.####...........
##........###....≈≈.... .
##..≈........#....≈≈...)
...#...≈≈........#..≈≈≈≈..≈
......≈≈≈...........≈≈≈≈≈≈≈
≈.....≈≈...............≈≈≈≈


You could see a merfolk javelineer, a snapping turtle, 2 merfolk, a friendly
chimera (water moccasin, crocodile, bat) and a friendly chimera (yak, hound,
rat).

Vanquished Creatures
  Kirke (Shoals:1)
  The ghost of hunterx7d the Spear-Bearer, a powerful MfDK of Yredelemnul (Shoals:1)
  An ettin (D:11)
  4 hydras
  2 dancing weapons (D:13)
  6 centaur warriors
  3 death yaks
  4 orc high priests (Orc:4)
  5 tengu warriors
  A catoblepas (Lair:8)
  An unseen horror (D:11)
  Erolcha (D:8)
  2 sea snakes
  2 ice statues (IceCv)
  The ghost of RobertPalmer the Basher, an experienced OpGl (D:9)
  Pikel (D:9)
  An orc sorcerer (Orc:1)
  8 harpies
  A wizard (D:15)
  3 hill giants
  3 orc knights
  6 ugly things
  A water nymph (Shoals:1)
  2 cyclopes
  3 griffons
  2 manticores (Shoals:1)
  7 black mambas
  6 fauns
  8 elephants
  2 sirens
  2 centaur skeletons
  12 spiny frogs
  A gargoyle (D:13)
  A torpor snail (Lair:8)
  5 komodo dragons
  2 fire drakes
  Grinder (D:3)
  2 two-headed ogres
  3 trolls
  3 merfolk (Lair:3)
  A hydra zombie (D:13)
  6 polar bears
  A wind drake (Shoals:1)
  A tengu conjurer (D:12)
  A harpy zombie (Shoals:1)
  A griffon zombie (Shoals:1)
  9 blink frogs
  5 slime creatures
  6 ravens
  2 wraiths
  3 trapdoor spiders
  2 basilisks
  2 water elementals
  2 deep elf magi (D:15)
  2 hogs (Shoals:1)
  4 wyverns
  54 yaks
  25 wolves
  9 hippogriffs
  6 wargs
  3 nagas (Lair:5)
  Edmund (D:4)
  A hungry ghost (D:14)
  3 vampire mosquitoes
  5 mottled dragons
  A slave (D:9)
  4 porcupines
  A hydra simulacrum (D:15)
  2 phantoms
  A black bear (Lair:8)
  21 orc warriors
  A necrophage (D:10)
  13 ice beasts
  26 water moccasins
  2 yellow wasps
  9 ogres
  12 centaurs
  9 crocodiles
  2 big kobolds
  Duvessa (D:4)
  A brain worm (D:12)
  A boring beetle (Lair:7)
  Blork the orc (D:4)
  A water moccasin zombie (D:9)
  20 giant frogs
  4 jellies (D:13)
  A cyclops skeleton (D:15)
  An eye of draining (D:12)
  A scorpion (D:6)
  4 wights (D:13)
  11 killer bees
  A manticore simulacrum (D:14)
  A tengu zombie (D:15)
  4 electric eels
  A goliath beetle (D:7)
  Dowan (D:4)
  2 giant frog zombies
  7 hounds
  2 centaur zombies
  17 orc priests
  6 crimson imps
  A giant frog skeleton (D:8)
  6 iguanas
  A cyclops simulacrum (D:14)
  Natasha (D:4)
  10 worker ants
  2 killer bee zombies
  23 orc wizards
  17 sheep
  Jessica (D:2)
  35 adders
  54 green rats
  4 gnolls (D:3)
  4 shadow imps
  2 white imps
  A worm (D:6)
  2 adder skeletons
  3 oozes
  136 orcs
  A bat zombie (Shoals:1)
  4 giant cockroaches
  20 hobgoblins
  9 jackals
  11 quokkas
  9 bats
  5 giant geckos
  2 giant newts (D:3)
  21 goblins
  19 kobolds
  A kobold skeleton (D:8)
  3 orc skeletons
  16 rats
  10 fungi
  12 plants
915 creatures vanquished.

Vanquished Creatures (collateral kills)
  Maud (Lair:7)
  An orc warlord (Orc:4)
  2 hydras
  Fannar (D:12)
  A centaur warrior (D:11)
  An orc high priest (Orc:4)
  A death yak (Lair:8)
  A deep troll shaman (Lair:8)
  2 harpies (Shoals:2)
  3 orc sorcerers (Orc:4)
  2 sirens (Shoals:1)
  A cyclops (Orc:3)
  A smoke demon (Orc:4)
  4 harpy zombies (Shoals:1)
  A merfolk (Shoals:1)
  A komodo dragon (Lair:7)
  3 slime creatures
  A griffon zombie (Shoals:1)
  A wraith (D:13)
  5 yaks (Lair:7)
  A hippogriff (Shoals:2)
  A warg (Orc:4)
  A porcupine (Lair:7)
  2 mottled dragons
  9 orc warriors
  An ogre (Orc:4)
  A big kobold (D:11)
  2 orc priests
  An ufetubus (Orc:4)
  13 orcs
66 creatures vanquished.

Vanquished Creatures (others)
  A deep troll (Orc:4)
  2 water elementals (D:13)
  A two-headed ogre (Orc:4)
  A human (Shoals:1)
  A phantom (D:9)
  A slave (D:9)
  An electric eel (Lair:6)
  An ufetubus (D:14)
  An orc (Orc:4)
  A hobgoblin (D:9)
  A giant spore (D:11)
  2 fungi (Lair:8)
  A plant (Lair:8)
15 creatures vanquished.

Grand Total: 996 creatures vanquished

Notes
Turn   | Place    | Note
--------------------------------------------------------------
     0 | D:1      | Kashira, the Vine Stalker Berserker, began the quest for the Orb.
     0 | D:1      | Reached XP level 1. HP: 11/11 MP: 1/1
     6 | D:1      | Noticed a wyvern
     6 | D:1      | Noticed a salamander
   291 | D:1      | Reached XP level 2. HP: 16/16 MP: 3/3
   318 | D:1      | Reached skill level 3 in Axes
   627 | D:2      | Noticed Jessica
   704 | D:2      | Reached XP level 3. HP: 20/20 MP: 4/4
   727 | D:2      | Acquired Trog's second power
   833 | D:2      | Killed Jessica
   833 | D:2      | Reached XP level 4. HP: 22/24 MP: 5/5
  1418 | D:3      | Reached XP level 5. HP: 28/28 MP: 7/7
  1794 | D:3      | Noticed Grinder
  1803 | D:3      | Killed Grinder
  1803 | D:3      | Reached skill level 4 in Fighting
  1803 | D:3      | Reached skill level 1 in Stealth
  1803 | D:3      | Gained mutation: You heal very quickly. [vine stalker growth]
  1803 | D:3      | Reached XP level 6. HP: 17/33 MP: 8/8
  1875 | D:3      | Reached XP level 7. HP: 37/37 MP: 9/9
  2053 | D:4      | Acquired Trog's third power
  2264 | D:4      | Found a staircase to the Ecumenical Temple.
  2330 | D:4      | Found a glowing golden altar of the Shining One.
  2350 | D:5      | Entered Level 5 of the Dungeon
  2424 | D:4      | Noticed Edmund
  2434 | D:4      | Killed Edmund
  2536 | D:4      | Noticed Natasha
  2536 | D:4      | Noticed Duvessa
  2539 | D:4      | Noticed Blork the orc
  2544 | D:4      | Killed Natasha
  2548 | D:4      | Killed Duvessa
  2552 | D:4      | Killed Blork the orc
  2553 | D:4      | Noticed Dowan
  2620 | D:4      | Killed Dowan
  2620 | D:4      | Gained mutation: You have razor-sharp teeth. [vine stalker growth]
  2620 | D:4      | Reached XP level 8. HP: 40/42 MP: 11/11
  3198 | D:5      | Found a deep blue altar of Sif Muna.
  3198 | D:5      | Found a basalt altar of Yredelemnul.
  3216 | D:5      | Reached skill level 5 in Fighting
  3274 | D:5      | Found a radiant altar of Vehumet.
  3312 | D:5      | Reached skill level 5 in Axes
  3923 | D:6      | Reached skill level 5 in Dodging
  4101 | D:6      | Found a burning altar of Makhleb.
  4286 | D:6      | Reached XP level 9. HP: 48/48 MP: 7/12
  4411 | D:6      | Reached skill level 6 in Axes
  4538 | D:6      | Found a stormy altar of Qazlal.
  4541 | D:6      | Found a sparkling altar of Nemelex Xobeh.
  5350 | D:8      | Found Thriuch's Magic Scroll Emporium.
  5360 | D:8      | Bought a scroll of blinking for 112 gold pieces
  5360 | D:8      | Bought a scroll of fog for 30 gold pieces
  5360 | D:8      | Bought a scroll of summoning for 142 gold pieces
  5360 | D:8      | Bought a scroll of enchant armour for 112 gold pieces
  5360 | D:8      | Bought a scroll of immolation for 52 gold pieces
  5360 | D:8      | Bought a scroll of identify for 30 gold pieces
  5467 | D:8      | Reached skill level 7 in Dodging
  5517 | D:8      | Noticed Erolcha
  5532 | D:8      | Killed Erolcha
  5532 | D:8      | Reached XP level 10. HP: 53/53 MP: 13/13
  6030 | D:9      | Noticed RobertPalmer's ghost (experienced OpGl)
  6119 | D:9      | Killed RobertPalmer's ghost
  6139 | D:9      | Noticed Pikel
  6165 | D:9      | Killed Pikel
  6165 | D:9      | Reached skill level 9 in Stealth
  6175 | D:9      | Found a staircase to the Lair.
  6264 | D:9      | Reached skill level 10 in Stealth
  6488 | D:9      | Reached skill level 11 in Stealth
  6669 | D:10     | Entered Level 10 of the Dungeon
  6708 | D:10     | Reached skill level 12 in Stealth
  6890 | D:10     | Reached skill level 13 in Stealth
  6915 | D:10     | Reached skill level 14 in Stealth
  6915 | D:10     | Reached XP level 11. HP: 58/58 MP: 15/15
  7380 | D:10     | Reached skill level 15 in Stealth
  7611 | D:11     | Found Mnyat's Gadget Shop.
  7630 | D:11     | Bought a sack of spiders for 280 gold pieces
  7659 | D:11     | Found a blossoming altar of Fedhas.
  7906 | D:11     | Noticed a centaur warrior
  7906 | D:11     | Noticed an ettin
  7917 | D:11     | Killed an ettin
  7917 | D:11     | Reached skill level 16 in Stealth
  7939 | D:11     | Killed a centaur warrior
  7954 | D:11     | Identified Mneddous' Handbook of Cankerous Moulding
  7966 | D:11     | Got a transparent leather armour
  7977 | D:11     | Identified the +0 leather armour of Death Resistance {Str+3 Dex+4} (You found it on level 11 of the Dungeon)
  8102 | Lair:1   | Entered Level 1 of the Lair of Beasts
  8242 | Lair:1   | Reached skill level 17 in Stealth
  8839 | Lair:1   | Reached skill level 18 in Stealth
  9418 | Lair:2   | Gained mutation: You regenerate. [vine stalker growth]
  9418 | Lair:2   | Reached XP level 12. HP: 56/62 MP: 14/16
 10187 | Lair:2   | Identified a cursed +0 rod of striking (11/11) (You found it on level 2 of the Lair of Beasts)
 10571 | Lair:3   | Received a gift from Trog
 10804 | Lair:3   | Found a staircase to the Shoals.
 11108 | Lair:4   | Reached skill level 10 in Axes
 11117 | Lair:4   | Reached skill level 1 in Evocations
 11236 | Lair:4   | Reached XP level 13. HP: 66/70 MP: 18/21
 11773 | Lair:5   | Found a staircase to the Snake Pit.
 11862 | Lair:5   | Received a gift from Trog
 11873 | Lair:5   | Reached skill level 5 in Evocations
 13120 | Lair:7   | Received a gift from Trog
 13352 | Lair:7   | Noticed Maud
 13357 | Lair:7   | Killed Maud
 13789 | Lair:8   | Entered Level 8 of the Lair of Beasts
 13828 | Lair:8   | Reached skill level 10 in Evocations
 13852 | Lair:8   | Found a viscous altar of Jiyva.
 13853 | Lair:8   | Noticed an acid blob
 13856 | Lair:8   | Found a staircase to the Slime Pits.
 13856 | Lair:8   | Noticed an acid blob
 13856 | Lair:8   | Noticed an acid blob
 13894 | Lair:8   | Received a gift from Trog
 14236 | Lair:8   | Reached XP level 14. HP: 71/75 MP: 29/29
 14396 | Lair:8   | Received a gift from Trog
 14662 | Lair:8   | Reached skill level 10 in Fighting
 15257 | D:11     | Killed an unseen horror
 15470 | D:12     | Noticed Fannar
 15475 | D:12     | Killed Fannar
 15492 | D:12     | Found a roughly hewn altar of Beogh.
 15501 | D:12     | Found a staircase to the Orcish Mines.
 15558 | D:12     | Found Mnexup's Food Shop.
 15762 | D:12     | Received a gift from Trog
 16242 | Orc:1    | Entered Level 1 of the Orcish Mines
 16265 | Orc:1    | Found a roughly hewn altar of Beogh.
 16313 | Orc:1    | Found a roughly hewn altar of Beogh.
 16765 | Orc:2    | Found an iron altar of Okawaru.
 16857 | Orc:2    | Received a gift from Trog
 17186 | Orc:4    | Entered Level 4 of the Orcish Mines
 17215 | Orc:4    | Found Trieh's Antique Weapon Shoppe.
 17791 | Orc:2    | Found a shimmering altar of Xom.
 17794 | Orc:2    | Received a gift from Trog
 17936 | Orc:3    | Found a staircase to the Elven Halls.
 18175 | Orc:4    | Noticed an orc warlord
 18206 | Orc:4    | Found Mota Gust's Antique Armour Shoppe.
 18222 | Orc:4    | Found Osoisod's Jewellery Shoppe.
 18264 | Orc:4    | Bought the ring of Mnujups {+Blink +Fly rF+ rC+ rN+ Dex+2} for 585 gold pieces
 18326 | Orc:4    | Killed an orc warlord
 18348 | Orc:4    | Found Grul's General Store.
 18503 | Orc:4    | Bought a pair of heavily runed boots for 332 gold pieces
 18514 | Orc:4    | Identified the +1 pair of boots of Wrong Decisions {rC+} (You bought it in a shop on level 4 of the Orcish Mines)
 18849 | Orc:4    | Received a gift from Trog
 18937 | Orc:4    | Got an ancient great sword {god gift}
 18938 | Orc:4    | Identified the +1 great sword of the Peculiar Lies {freeze, Int+2} (Trog gifted it to you on level 4 of the Orcish Mines)
 19056 | D:13     | Reached XP level 15. HP: 71/82 MP: 29/29
 19143 | D:13     | Found a gate to the Vaults.
 19663 | D:13     | Gained mutation: You can breathe flames. [helix card]
 20234 | D:14     | Found Summecot's General Store.
 20291 | D:14     | Bought a potion of flight for 45 gold pieces
 20292 | D:14     | Bought a potion of haste for 105 gold pieces
 20301 | D:14     | Found a frozen archway.
 20327 | IceCv    | Entered an ice cave
 21015 | D:14     | Reached skill level 15 in Axes
 21342 | D:15     | Entered Level 15 of the Dungeon
 21472 | D:15     | Found a shimmering altar of Xom.
 21510 | D:15     | Gained mutation: Armour fits poorly on your strangely shaped body. [mutagenic meat]
 21511 | D:15     | Gained mutation: Your magical capacity is low (-10% MP). [mutagenic meat]
 21512 | D:15     | Gained mutation: Your system is resistant to poisons. [mutagenic meat]
 21519 | D:15     | Gained mutation: You are dopey. (Int -2) [mutagenic meat]
 21520 | D:15     | Gained mutation: You are partially covered in thin metallic scales (AC +2). [mutagenic meat]
 21546 | D:15     | Found a glowing silver altar of Zin.
 21546 | D:15     | Found a glowing golden altar of the Shining One.
 21614 | D:15     | Received a gift from Trog
 21671 | D:15     | Found a staircase to the Depths.
 22276 | Shoals:1 | Entered Level 1 of the Shoals
 22277 | Shoals:1 | Noticed Kirke
 22369 | Shoals:1 | Noticed a sphinx
 22375 | Shoals:1 | Killed Kirke
 22375 | Shoals:1 | Reached XP level 16. HP: 84/87 MP: 27/27
 22454 | Shoals:1 | Noticed hunterx7d's ghost (powerful MfDK)
 22467 | Shoals:1 | Killed hunterx7d's ghost
 22526 | Shoals:1 | Got a dazzling leather armour
 22580 | Shoals:1 | Identified the +1 leather armour "Koratyt" {+Rage rElec rC+} (You found it on level 1 of the Shoals)
 23139 | Shoals:2 | HP: 3/130 [snapping turtle (8)]
 23139 | Shoals:2 | Slain by a merfolk

Action                   |  1- 3 |  4- 6 |  7- 9 | 10-12 | 13-15 | 16-18 || total
-------------------------+-------+-------+-------+-------+-------+-------++-------
Melee: Hand axe          |    91 |   131 |   413 |   222 |       |       ||   857
       War axe           |       |       |       |   534 |       |       ||   534
       Executioner's axe |       |       |       |    70 |   916 |       ||   986
       Battleaxe         |       |       |       |       |   310 |    81 ||   391
Invok: Berserk           |     1 |     3 |     6 |     8 |     4 |     2 ||    24
       Trog's Hand       |       |       |     2 |     4 |     8 |       ||    14
       Brothers in Arms  |       |       |       |     1 |    10 |     2 ||    13
 Abil: Breathe Fire      |       |       |       |       |     1 |     1 ||     2
Evoke: Wand              |       |       |       |     6 |       |       ||     6
       Phial of floods   |       |       |       |       |     2 |       ||     2
       Deck              |       |       |       |       |     1 |       ||     1
       Box of beasts     |       |       |       |       |       |     3 ||     3
  Use: Scroll            |       |       |    11 |    12 |    12 |     2 ||    37
       Potion            |       |       |     1 |     1 |       |       ||     2
 Stab: Sleeping          |       |     1 |     1 |     9 |    14 |     3 ||    28
       Distracted        |       |       |       |     1 |     2 |       ||     3
  Eat: Chunk             |     1 |     6 |    14 |    28 |    52 |     3 ||   104
       Fruit             |       |       |       |     1 |       |       ||     1
       Royal jelly       |       |       |       |     2 |       |       ||     2
       Bread ration      |       |       |       |       |     2 |       ||     2
